 Dungeon Crawl Stone Soup version 0.31-a0-14-gc80a10f4b6 (webtiles) character file.

Game seed: 4161574462508944295

793 Mickster the Poker (level 7, 0/90 HPs)
             Began as a Hill Orc Berserker on May 7, 2023.
             Was a Believer of Trog.
             Succumbed to a water moccasin's poison
             ... on level 5 of the Dungeon on May 8, 2023.
             The game lasted 00:29:22 (3604 turns).

Mickster the Poker (Hill Orc Berserker)             Turns: 3604, Time: 00:29:22

Health: 0/90       AC:  9    Str: 22    XL:     7   Next: 88%
Magic:  7/7        EV:  9    Int:  7    God:    Trog [**....]
Gold:   230        SH:  0    Dex: 10    Spells: 6/6 levels left

rFire   . . .        m - +4 halberd (chaos)
rCold   . . .        (shield currently unavailable)
rNeg    . . .        l - +0 chain mail
rPois   .            (no helmet)
rElec   .            (no cloak)
rCorr   .            (no gloves)
SInv    .            (no boots)
Will    .....        (no amulet) Stlth
                     (no ring)
HPRegen 0.35/turn    (no ring)
MPRegen 0.10/turn

%: no passive effects
@: berserking (expiring), lethally poisoned (0 -> -5), very quick
A: no striking features
a: Renounce Religion, Berserk, Trog's Hand


You were on level 5 of the Dungeon.
You worshipped Trog.
Trog was pleased with you.
You visited 2 branches of the dungeon, and saw 6 of its levels.

You collected 230 gold pieces.

Inventory:

Hand Weapons
 a - a +0 hand axe
 m - a +4 halberd of chaos (weapon)
 q - a +0 rapier
Missiles
 e - 8 poisoned darts
 j - 25 stones
 s - 4 datura-tipped darts (quivered)
Armour
 c - a +0 ring mail
 d - a +0 buckler
 l - a +0 chain mail (worn)
 n - the +3 robe of Clouds {*Thunder rCloud rElec}
   (You found it on level 3 of the Dungeon)

   *Thunder:  It occasionally creates storm clouds above nearby enemies.
   rCloud:    It grants its wearer immunity to clouds.
   rElec:     It insulates you from electricity.
Scrolls
 f - a scroll of fear
 g - a scroll of identify
 h - 5 scrolls of teleportation
 k - 3 scrolls of enchant armour
Potions
 b - a potion of cancellation {unknown}
 o - 2 potions of lignification {unknown}
 p - a potion of curing
 r - a potion of mutation {unknown}
 t - a potion of brilliance {unknown}


   Skills:
 + Level 4.8 Fighting
 - Level 5.8(7.6) Axes
 * Level 6.4(7.2) Polearms
 + Level 4.3 Armour
 + Level 2.3 Dodging
 + Level 0.2 Stealth
 + Level 0.5 Shields


You had 6 spell levels left.
You didn't know any spells.
Your spell library was empty.

Dungeon Overview and Level Annotations

Branches:
Dungeon (5/15)             Temple (1/1) D:5

Altars:
Cheibriados
Dithmenos
Elyvilon
Hepliaklqana
Makhleb
Nemelex Xobeh
Okawaru
Qazlal
Sif Muna
Trog
Uskayaw
Wu Jian
Xom

Annotations:
D:3 2 runed translucent doors, Monarks's ghost, amateur TeSu


Message History

The phantom hits you but does no damage.
The orc closely misses you. The water moccasin bites you.
You barely miss the phantom.
You feel very sick. The orc barely misses you.
The phantom hits you but does no damage.
The water moccasin bites you.
* * * LOW HITPOINT WARNING * * *
You miss the phantom.
You feel sick. The water moccasin closely misses you.
The orc hits you from afar with a +0 trident!
* * * LOW HITPOINT WARNING * * *
The phantom closely misses you.
You slice the phantom!!
Space warps around the phantom.
The phantom is almost destroyed.
You feel very sick. The water moccasin bites you.
* * * LOW HITPOINT WARNING * * *
You barely miss the phantom.
The phantom is almost destroyed.
* * * LOW HITPOINT WARNING * * *
You feel sick.
The orc hits you from afar with a +0 trident.
* * * LOW HITPOINT WARNING * * *
The phantom hits you.
* * * LOW HITPOINT WARNING * * *
The water moccasin barely misses you.
You slice the water moccasin!! You burn the water moccasin.
You kill the water moccasin!
Trog accepts your kill.
* * * LOW HITPOINT WARNING * * *
You feel sick. The orc hits you but does no damage.
The phantom hits you but does no damage.
Your base Polearms skill increases to level 6!
You barely miss the phantom.
The phantom is almost destroyed.
* * * LOW HITPOINT WARNING * * *
You feel sick. The orc barely misses you. The phantom barely misses you.
You closely miss the phantom.
The phantom is almost destroyed.
You die...

# #.# ####.# ### #....#
#.. # #.##.# #.# .#
#.##.# #.#####.#
###.##.# #.##....#
.......# #.##..#.#
##...########.##†...###.
................@Wo...'.
#....#.######.......###.
#.#.##.# ####..###
#.#.##.# #^## #.#..#.#
..# #.##.#.# .## #.
#.#.# . #.##.#.# ##
#......#


You could see a phantom and an orc.

Vanquished Creatures
  Eustachio (D:4)
  A water moccasin (D:5)
  An ogre (D:4)
  2 scorpions (D:4)
  A howler monkey (D:4)
  A hound (D:3)
  An orc priest (D:5)
  2 orc wizards (D:4)
  7 gnolls
  2 adders
  A shadow imp (D:3)
  2 ufetubi
  A worm (D:2)
  3 dart slugs
  6 orcs
  10 endoplasms
  5 giant cockroaches
  4 goblins
  8 hobgoblins
  2 jackals (D:3)
  4 quokkas
  7 ball pythons
  5 bats
  4 frilled lizards
  8 kobolds
  7 rats
96 creatures vanquished.

Vanquished Creatures (collateral kills)
  2 endoplasms (D:4)
2 creatures vanquished.

Grand Total: 98 creatures vanquished

Notes
Turn   | Place    | Note
-------+----------+-------------------------------------------
     0 | D:1      | Mickster the Hill Orc Berserker began the quest for the
                  | Orb.
     0 | D:1      | Reached XP level 1. HP: 19/19 MP: 1/1
   242 | D:1      | Reached XP level 2. HP: 24/27 MP: 2/2
   700 | D:1      | Reached ** piety under Trog
   701 | D:1      | Reached XP level 3. HP: 33/33 MP: 3/3
  1386 | D:2      | Reached skill level 5 in Axes
  2009 | D:2      | Reached XP level 4. HP: 36/40 MP: 4/4
  2242 | D:3      | Found a large runed translucent door.
  2244 | D:3      | Found a large runed translucent door.
  2248 | D:3      | Noticed Monarks's ghost (amateur TeSu)
  2542 | D:3      | Reached skill level 1 in Polearms
  2560 | D:3      | Reached XP level 5. HP: 46/46 MP: 5/5
  2720 | D:3      | Found the +3 robe of Clouds {*Thunder rCloud rElec}
  2797 | D:4      | Reached skill level 2 in Polearms
  2797 | D:4      | Noticed an ogre
  2808 | D:4      | Killed an ogre
  2809 | D:4      | Reached skill level 3 in Polearms
  2809 | D:4      | Reached XP level 6. HP: 53/53 MP: 6/6
  2886 | D:4      | Noticed Eustachio
  2896 | D:4      | Killed Eustachio
  2897 | D:4      | Reached skill level 4 in Polearms
  2897 | D:4      | Reached XP level 7. HP: 60/60 MP: 7/7
  2958 | D:4      | Reached skill level 5 in Polearms
  3061 | D:4      | Reached *** piety under Trog
  3299 | D:5      | Entered Level 5 of the Dungeon
  3406 | D:5      | Found a staircase to the Ecumenical Temple.
  3420 | Temple   | Entered the Ecumenical Temple
  3601 | D:5      | HP: 4/90 [phantom (1)]
  3603 | D:5      | Reached skill level 6 in Polearms
  3603 | D:5      | HP: 1/90 [poisoned by a water moccasin]
  3604 | D:5      | Succumbed to a water moccasin's poison

Illustrated notes

Levels and vault maps discovered:
D:1:      elethiomel_arrival_shortcut, layout_basic, st_stairs_12
D:2:      layout_basic, chequers_hall_statues_wall_a
D:3:      layout_basic, ebering_ghost_disaster_area
D:4:      layout_basic, uniq_eustachio, uniq_natasha
D:5:      layout_loops_corners, ashenzari_altar_1, minmay_temple_entry_glass,
          minmay_diced_spiral
Temple:   dpeg_three_leaves_temple

Skill      XL: |  1  2  3  4  5  6  7 |
---------------+----------------------+-----
Fighting       | 4 |  4.8
Axes           | 5 |  5.8
Dodging        | 2 |  2.3
Armour         | 3 4 |  4.3
Polearms       | 1 3 4 6 |  6.4
Stealth        | |  0.2
Shields        | |  0.5

Action                     |  1- 3 |  4- 6 |  7- 9 || total
---------------------------+-------+-------+-------++-------
  Melee: Hand axe          |   143 |    29 |       ||   172
         Punch             |     1 |       |       ||     1
         Halberd           |       |    31 |    58 ||    89
  Throw: Dart              |     1 |       |       ||     1
 Invoke: Berserk           |     1 |     3 |     3 ||     7
         Trog's Hand       |       |     3 |       ||     3
    Use: Potion            |     4 |     1 |       ||     5
         Scroll            |     4 |     2 |     2 ||     8
   Stab: Sleeping          |     1 |       |       ||     1
 Armour: Animal skin       |    14 |       |       ||    14
         Ring mail         |    44 |     2 |       ||    46
         Chain mail        |       |    27 |    30 ||    57
  Dodge: Dodged            |    84 |    32 |    36 ||   152
  Block: Buckler           |     8 |     3 |       ||    11

Table legend: (Time is in decaauts)
 A = Elapsed time spent in this place.
 B = Non-inter-level travel time spent in this place.
 C = Inter-level travel time spent in this place.
 D = Time resting spent in this place.
 E = Time spent auto-exploring this place.
 F = Levels seen in this place.
 G = Mean time per level.
                   A        B        C        D        E       F      G
               +--------+--------+--------+--------+--------+-----+--------+
         Total |   3632 |   3397 |    235 |    587 |      0 |   6 |  605.3 |
       Dungeon |   3618 |   3383 |    235 |    587 |      0 |   5 |  723.6 |
        Temple |     13 |     13 |      0 |      0 |      0 |   1 |   13.0 |
               +--------+--------+--------+--------+--------+-----+--------+

Top non-repeatable levels by time:
     D:1: 1288 daAuts
     D:2: 928 daAuts
     D:3: 551 daAuts
     D:4: 541 daAuts
     D:5: 310 daAuts
  Temple: 13 daAuts
